 Dungeon Crawl Stone Soup version 0.17.1-3-g152610e (webtiles) character file.

1180 Mechanique the Magician (level 8, 0/52 HPs)
             Began as a Mummy Wizard on Mar 14, 2016.
             Slain by a big kobold zombie (2 damage)
             ... in an ossuary.
             The game lasted 00:39:28 (10465 turns).

Mechanique the Magician (Mummy Wizard)             Turns: 10465, Time: 00:39:28

Health: 0/52       AC:  3    Str: 10    XL:     8   Next: 18%
Magic:  2/18       EV: 12    Int: 25    God:
Gold:   217        SH:  0    Dex: 10    Spells: 6 memorised, 8 levels left

rFire  x . .     SeeInvis .     d - +2 hand axe (chop)
rCold  + . .     Clarity  .     a - +0 robe
rNeg   + + +     SustAt   .     (no shield)
rPois  ∞         Gourm    .     b - +1 hat
rElec  .         Spirit   .     (no cloak)
rCorr  .         Warding  +     (no gloves)
rMut   .         Rnd*Tele +     (no boots)
MR     +....                    i - amulet of warding
Stlth  ++........               r - +5 ring of intelligence
                                j - ring of teleportation (curse)

@: very slightly contaminated, somewhat resistant to hostile enchantments,
unstealthy
A: no food or potions, fire vulnerability, cold resistance 1, negative energy
resistance 3, torment resistance, unbreathing
a: Evoke Teleportation


You were in an ossuary.
You were not hungry.

You visited 1 branch of the dungeon, and saw 5 of its levels.
You also visited: Ossuary.

You collected 217 gold pieces.

Inventory:

Hand Weapons
 d - a +2 hand axe of chopping (weapon)
 f - a +2 dagger of venom
 k - a +2 dagger of venom
Armour
 a - a +0 robe (worn)
 b - a +1 hat (worn)
Jewellery
 i - an amulet of warding (around neck)
 j - a cursed ring of teleportation (left hand)
 q - an uncursed ring of protection from cold
 r - a +5 ring of intelligence (right hand)
Wands
 n - a wand of lightning (15)
Scrolls
 e - 3 scrolls of identify
 g - 3 scrolls of teleportation
 h - a scroll of noise {unknown}
 l - a scroll of fog
 m - a scroll of fear {unknown}
 o - 2 scrolls of enchant armour
 p - a scroll of amnesia
 s - a scroll of blinking
Books
 c - a book of Minor Magic

   Spells                             Type                      Level
   a - Magic Dart                     Conjuration                  1
   b - Blink                          Translocation                2
   c - Call Imp                       Summoning                    2
   d - Repel Missiles                 Charms/Air                   2
   e - Slow                           Hexes                        2
   f - Conjure Flame                  Conjuration/Fire             3
   g - Mephitic Cloud                 Conjuration/Poison/Air       3


   Skills:
 - Level 1.5 Dodging
 - Level 1.5 Stealth
 + Level 7.1 Spellcasting
 + Level 5.6 Conjurations
 - Level 0.7 Summonings
 - Level 0.7 Translocations


You had 8 spell levels left.
You knew the following spells:

 Your Spells              Type           Power        Failure   Level  Hunger
a - Magic Dart            Conj           ####         1%          1    N/A
b - Blink                 Tloc           N/A          10%         2    N/A
c - Mephitic Cloud        Conj/Pois/Air  ###.....     12%         3    N/A
d - Conjure Flame         Conj/Fire      ###.....     8%          3    N/A
e - Repel Missiles        Chrm/Air       #.....       12%         2    N/A
f - Call Imp              Summ           ##......     10%         2    N/A

Dungeon Overview and Level Annotations

Branches:
Dungeon (5/15)
 Temple: D:4-7

Altars:
Fedhas
Okawaru

Shops:
D:4 (


Innate Abilities, Weirdness & Mutations

You do not eat or drink.
Your flesh is vulnerable to fire.
You are immune to poison.
Your flesh is cold resistant.
You are immune to negative energy.
You are immune to unholy pain and torment.
You can survive without breathing.


Message History

The adder zombie barely misses you. The big kobold zombie hits you.
* * * LOW HITPOINT WARNING * * *
Casting: Blink
Confirm with . or Enter, or press ? or * to list all spells.
You blink.
Casting: Blink
Confirm with . or Enter, or press ? or * to list all spells.
You blink.
The big kobold zombie misses you.
Casting: Blink
Confirm with . or Enter, or press ? or * to list all spells.
You blink. 2 zombies come into view.
The big kobold zombie hits you.
* * * LOW HITPOINT WARNING * * *
Casting: Blink
Confirm with . or Enter, or press ? or * to list all spells.
You blink.
Your crimson imp blinks!
The big kobold zombie hits you.
You die...

######################
#∩..#...#!!!.#.@.#...#
#^^.'.∩.#!.!!'.Z§'..5#
#...#...#.!.Z#ZZ.#.Z.#
#^^.##############.Z.#
#^^^# #...# #'###
#+### #...# #^..#
#^^.#


You could see an adder zombie, a water moccasin zombie, a gnoll zombie, 2 big
kobold zombies, an orc zombie and a friendly crimson imp.

Vanquished Creatures
  Grinder (D:3)
  2 scorpions
  3 hounds
  5 orc wizards
  An orc priest (D:4)
  5 worker ants
  A mummy (Ossuary)
  8 adders
  An ooze (D:3)
  An adder zombie (Ossuary)
  2 adder skeletons (D:4)
  6 worms
  3 giant geckos
  8 orcs
  3 giant cockroaches
  9 hobgoblins
  4 jackals (D:4)
  9 kobolds
  2 quokkas
  3 ball pythons
  15 bats
  2 giant gecko skeletons (D:4)
  7 giant newts
  A gnoll zombie (Ossuary)
  8 goblins
  A hobgoblin zombie (Ossuary)
  13 rats
124 creatures vanquished.

Vanquished Creatures (collateral kills)
  The ghost of Name63 the Shield-Bearer, a novice MiFi (D:4)
  2 water moccasin zombies (Ossuary)
  The ghost of Name63 the Covered, a weakling MiFi of Makhleb (D:3)
  An orc priest (D:4)
  A mummy (Ossuary)
  2 adder zombies (Ossuary)
  A gnoll zombie (Ossuary)
  2 jackals (D:4)
  A giant cockroach (D:3)
  2 kobold zombies (Ossuary)
14 creatures vanquished.

Vanquished Creatures (others)
  A gnoll zombie (Ossuary)
  A hobgoblin zombie (Ossuary)
  An orc zombie (Ossuary)
3 creatures vanquished.

Grand Total: 141 creatures vanquished

Notes
Turn   | Place    | Note
--------------------------------------------------------------
     0 | D:1      | Mechanique the Mummy Wizard began the quest for the Orb.
     0 | D:1      | Reached XP level 1. HP: 13/13 MP: 4/4
   244 | D:1      | Reached skill level 1 in Conjurations
   610 | D:1      | Reached XP level 2. HP: 19/19 MP: 3/6
   614 | D:1      | Learned a level 2 spell: Blink
  2570 | D:1      | Reached XP level 3. HP: 15/24 MP: 0/8
  2686 | D:1      | Learned a level 3 spell: Mephitic Cloud
  2690 | D:1      | Learned a level 3 spell: Conjure Flame
  3314 | D:2      | Found an iron altar of Okawaru.
  3420 | D:2      | Reached skill level 4 in Spellcasting
  3420 | D:2      | Reached XP level 4. HP: 21/30 MP: 2/10
  3513 | D:2      | Learned a level 2 spell: Repel Missiles
  4287 | D:3      | Noticed Grinder
  4287 | D:3      | Paralysed by Grinder for 2 turns
  4294 | D:3      | Paralysed by Grinder for 6 turns
  4316 | D:3      | Killed Grinder
  4316 | D:3      | Reached skill level 5 in Spellcasting
  4316 | D:3      | Reached XP level 5. HP: 18/35 MP: 1/12
  4316 | D:3      | Reached XP level 6. HP: 21/41 MP: 1/13
  4490 | D:3      | Noticed Name63's ghost (weakling MiFi)
  5141 | D:2      | Learned a level 2 spell: Call Imp
  5797 | D:3      | Killed Name63's ghost
  6827 | D:4      | Found a blossoming altar of Fedhas.
  6909 | D:4      | Reached XP level 7. HP: 38/46 MP: 10/15
  7310 | D:4      | Reached skill level 6 in Spellcasting
  8723 | D:4      | Noticed Name63's ghost (novice MiFi)
  9135 | D:4      | Killed Name63's ghost
  9135 | D:4      | Reached skill level 5 in Conjurations
  9459 | D:4      | Reached XP level 8. HP: 52/52 MP: 12/18
  9565 | D:4      | Found Caocytog's Antique Weapon Shop.
  9609 | D:5      | Entered Level 5 of the Dungeon
  9773 | D:5      | Found a sand-covered staircase.
  9782 | Ossuary  | Entered an ossuary
  9959 | Ossuary  | Reached skill level 7 in Spellcasting
 10464 | Ossuary  | HP: 2/52 [big kobold zombie (3)]
 10465 | Ossuary  | Slain by a big kobold zombie

Action                   |  1- 3 |  4- 6 |  7- 9 || total
-------------------------+-------+-------+-------++-------
Melee: Club              |     8 |       |       ||     8
       Dagger            |    33 |    37 |    32 ||   102
       Hand axe          |       |       |    28 ||    28
 Cast: Magic Dart        |   123 |   135 |   109 ||   367
       Call Imp          |       |     5 |    26 ||    31
       Blink             |       |     3 |     6 ||     9
       Mephitic Cloud    |       |       |     1 ||     1
 Abil: Evoke Teleportati |       |     1 |     3 ||     4
  Use: Scroll            |       |       |     9 ||     9
